 Dungeon Crawl Stone Soup version 0.22-a0-567-gff9aefc (webtiles) character file.

321 Hebeh the Chopper (level 6, -37/55 HPs)
             Began as a Minotaur Fighter on June 29, 2018.
             Killed from afar by an orc wizard (41 damage)
             ... with an exploding inner flame
             ... hexed by the player character
             ... on level 5 of the Dungeon.
             The game lasted 00:08:06 (3594 turns).

Hebeh the Chopper (Minotaur Fighter)                Turns: 3594, Time: 00:08:07

Health: -37/55     AC:  9    Str: 22    XL:     6   Next: 22%
Magic:  5/5        EV:  7    Int:  5    God:
Gold:   126        SH: 11    Dex: 10    Spells: 5/5 levels left

rFire    . . .     SeeInvis .   a - +0 war axe
rCold    . . .     Gourm    .   c - +1 shield
rNeg     . . .     Faith    .   h - +0 scale mail (curse)
rPois    .         Spirit   .   (helmet restricted)
rElec    .         Reflect  .   (no cloak)
rCorr    .         Harm     .   g - +0 pair of gloves
MR       .....                  l - +0 pair of boots
Stlth    ..........             (no amulet)
HPRegen  0.18/turn              (no ring)
MPRegen  0.09/turn              (no ring)

@: no status effects
A: retaliatory headbutt, horns 2
a: no special abilities


You were on level 5 of the Dungeon.
You were not hungry.

You visited 1 branch of the dungeon, and saw 5 of its levels.

You collected 126 gold pieces.

Inventory:

Hand Weapons
 a - a +0 war axe (weapon)
Armour
 b - a +0 scale mail
 c - a +1 shield (worn)
 g - a +0 pair of gloves (worn)
 h - a cursed +0 scale mail (worn)
 l - a +0 pair of boots (worn)
Jewellery
 q - an uncursed ring of protection from fire {unknown}
Wands
 k - a wand of random effects (7)
Scrolls
 i - 2 scrolls of identify
 j - 2 scrolls of enchant armour
 p - a scroll of blinking
 r - a scroll of fog {unknown}
 s - a scroll of teleportation {unknown}
 v - 3 scrolls of magic mapping {unknown}
Potions
 d - 3 potions of might
 e - 4 potions of curing {unknown}
 m - a potion of haste {unknown}
 o - a potion of lignification {unknown}
 t - a potion of flight {unknown}
 u - a potion of brilliance {unknown}
Comestibles
 f - 6 rations


   Skills:
 + Level 4.9 Fighting
 * Level 5.4 Axes
 + Level 5.0 Armour
 + Level 4.9 Shields


You had 5 spell levels left.
You didn't know any spells.
Your spell library was empty.

Dungeon Overview and Level Annotations

Branches:
Dungeon (5/15)
 Temple: D:4-7

Altars:
Ashenzari
Cheibriados
Dithmenos
Gozag
Nemelex Xobeh
Ru
Sif Muna
Wu Jian
Xom


Innate Abilities, Weirdness & Mutations

You reflexively headbutt those who attack you in melee.
You have a pair of horns on your head.


Message History

The orc wizard is severely wounded.
The orc wizard casts a spell.
The orc wizard flickers and vanishes!
Deactivating autopickup; reactivate with Ctrl-A.
Something hits you but does no damage.
You hit something but do no damage.
The fiery explosion engulfs the orc.
The orc explodes!
The fiery explosion engulfs the orc priest.
The orc priest explodes!
The fiery explosion engulfs the orc priest.
The orc priest explodes!
The fiery explosion engulfs the orc.
The orc explodes!
You have reached level 6!
Your experience leads to an increase in your attributes!
Increase (S)trength, (I)ntelligence, or (D)exterity?
You feel stronger.
Your Armour skill increases to level 5!
The fiery explosion engulfs you!
Ouch! That really hurt!
You die...

#...o......#
#......
###.#.......
#.....#
#§#.....##
#.....#
#§#o.o..#
#......
#§#...o.#
#.....#
#§##....#
#.....# #§#
.o..# #.....#
#§# ....#
#.....# #@#
#######.....#
#.#
#............
#.#
####.........
#.#
#.........
#.#
#...<.....
#.#
#.>......#
#.#
#........#
#.#
#....#...#
#.#
#....#...#


There were no monsters in sight!

Vanquished Creatures
  A centaur (D:5)
  2 orc priests (D:5)
  Jessica (D:3)
  3 worker ants
  3 adders
  3 worms
  A dart slug (D:3)
  2 leopard geckos
  3 orcs
  4 bats
  2 giant cockroaches
  4 goblins
  4 hobgoblins
  4 jackals (D:3)
  3 kobolds
  2 quokkas
  A frilled lizard (D:2)
  A quokka skeleton (D:4)
  7 rats
51 creatures vanquished.

Notes
Turn   | Place    | Note
-------+----------+-------------------------------------------
     0 | D:1      | Hebeh the Minotaur Fighter began the quest for the Orb.
     0 | D:1      | Reached XP level 1. HP: 19/19 MP: 0/0
    25 | D:1      | You fall through a shaft!
   355 | D:2      | Found a shattered altar of Ashenzari.
   443 | D:2      | Reached XP level 2. HP: 27/27 MP: 1/1
   800 | D:2      | HP: 1/27 [poisoned by an adder]
  1350 | D:3      | Reached XP level 3. HP: 33/33 MP: 2/2
  1435 | D:3      | Found an opulent altar of Gozag.
  1598 | D:3      | Found a shadowy altar of Dithmenos.
  1660 | D:3      | Noticed Jessica
  1671 | D:3      | Killed Jessica
  1671 | D:3      | Reached XP level 4. HP: 29/40 MP: 3/3
  2209 | D:3      | Found a deep blue altar of Sif Muna.
  2499 | D:4      | Found a snail-covered altar of Cheibriados.
  2501 | D:4      | Found a shimmering altar of Xom.
  2501 | D:4      | Found a sacrificial altar of Ru.
  2503 | D:4      | Found an ornate altar of the Wu Jian Council.
  2503 | D:4      | Found a sparkling altar of Nemelex Xobeh.
  2503 | D:4      | Found a shimmering altar of Xom.
  2951 | D:4      | Reached XP level 5. HP: 47/47 MP: 4/4
  3172 | D:5      | Entered Level 5 of the Dungeon
  3251 | D:5      | Noticed a centaur
  3268 | D:5      | Killed a centaur
  3268 | D:5      | Reached skill level 5 in Axes
  3594 | D:5      | Reached XP level 6. HP: 4/55 MP: 5/5
  3594 | D:5      | Reached skill level 5 in Armour
  3594 | D:5      | Killed from afar by an orc wizard

Vault maps used:
D:1:      lemuel_arrival_rhombus
D:2:      lemuel_crystal_altar
D:3:      marbit_many_paths, grunt_dithmenos_smoke_and_mirrors,
          nicolae_gozag_seed_capital, uniq_jessica
D:4:      first_ration, doesnt_xom_only_xom
D:5:      lightli_ossuary_entry_decrepit_ruins

Skill      XL: |  1  2  3  4  5  6 |
---------------+-------------------+-----
Axes           | 3 4 5 |  5.4
Armour         | 4 5 |  5.0
Fighting       | 4 |  4.9
Shields        | 4 |  4.9

Action                   |  1- 3 |  4- 6 || total
-------------------------+-------+-------++-------
Melee: War axe           |    77 |    71 ||   148
       Headbutt          |     6 |    11 ||    17
  Use: Scroll            |     5 |     2 ||     7
  Eat: Ration            |     1 |       ||     1
       Chunk             |       |     5 ||     5
Armor: Scale mail        |    40 |    36 ||    76
Dodge: Dodged            |    24 |    16 ||    40
Block: Shield            |    39 |    35 ||    74

Table legend:
 A = Spawn XP
 B = Non-spawn XP
 C = Spawn XP percentage of total XP
 D = Spawn monster count
 E = Non-spawn monster count
 F = Spawn count percentage of total count
 G = Total turns spent on level
                    A         B        C        D         E        F      G
               +---------+---------+-------+---------+---------+-------+---------
         Total |       0 |     459 |   0.0 |       0 |      51 |   0.0 |  3594
               +---------+---------+-------+---------+---------+-------+---------
           D:1 |       0 |       4 |   0.0 |       0 |       2 |   0.0 |    25
           D:2 |       0 |      36 |   0.0 |       0 |      13 |   0.0 |  1319
           D:3 |       0 |      99 |   0.0 |       0 |      25 |   0.0 |   904
           D:4 |       0 |      74 |   0.0 |       0 |       4 |   0.0 |   924
           D:5 |       0 |     246 |   0.0 |       0 |       7 |   0.0 |   422
               +---------+---------+-------+---------+---------+-------+---------
